EL
TULSA DRILLERS @ JACKSONVILLE SUNS
05/18/2048
 
TOP OF THE 1ST
Tulsa Drillers batting - Pitching for Jacksonville Suns : RHP Eric Stevenson
Pitching: RHP Eric Stevenson
Batting: RHB Marcos Villalobos 0-0: Called Strike
0-1: Ball
1-1: Ball
2-1: Ball
3-1: Foul Ball, location: 2F
3-2: Foul Ball, location: 2F
3-2: Ground out 4-3 (Groundball, 4M, EV 82.5 MPH)
Batting: SHB Nate Kopchak 0-0: Ball
1-0: Foul Ball, location: 2F
1-1: Swinging Strike
1-2: Ball
2-2: Ball
3-2: Fly out, F8 (Flyball, 8LXD, EV 95.6 MPH)
Batting: LHB Kevin Wiebe 0-0: Swinging Strike
0-1: Fly out, F7 (Flyball, 78S, EV 92.5 MPH)
Top of the 1st over - 0 runs, 0 hits, 0 errors, 0 left on base; Tulsa 0 - Jacksonville 0
BOTTOM OF THE 1ST
Jacksonville Suns batting - Pitching for Tulsa Drillers : RHP Eddie Usrey
Pitching: RHP Eddie Usrey
Batting: LHB Orlando Rivera 0-0: Ball
1-0: Called Strike
1-1: Ground out 6-3 (Groundball, 6MS, EV 80.6 MPH)
Batting: RHB Miguel Velasco 0-0: Ball
1-0: Ground out 4-3 (Groundball, 4, EV 99.4 MPH)
Batting: RHB Akira Suzuki 0-0: Ball
1-0: Fly out, F8 (Line Drive, 8RD, EV 104.4 MPH)
Bottom of the 1st over - 0 runs, 0 hits, 0 errors, 0 left on base; Tulsa 0 - Jacksonville 0
TOP OF THE 2ND
Tulsa Drillers batting - Pitching for Jacksonville Suns : RHP Eric Stevenson
Batting: LHB Chris Buchan 0-0: Ball
1-0: Foul Ball, location: 2F
1-1: Ball
2-1: Foul Ball, location: 2F
2-2: Ground out 5-3 (Groundball, 56, EV 110.0 MPH)
Batting: RHB Daniel Samano 0-0: Ball
1-0: Ball
2-0: Foul Ball, location: 2F
2-1: Swinging Strike
2-2: Ground out 5-3 (Groundball, 5S, EV 78.8 MPH)
Batting: SHB Justin Toth 0-0: Foul Ball, location: 2F
0-1: Called Strike
0-2: Ball
1-2: Ball
2-2: Ground out 4-3 (Groundball, 4, EV 104.4 MPH)
Top of the 2nd over - 0 runs, 0 hits, 0 errors, 0 left on base; Tulsa 0 - Jacksonville 0
BOTTOM OF THE 2ND
Jacksonville Suns batting - Pitching for Tulsa Drillers : RHP Eddie Usrey
Batting: LHB Dong-u Chang 0-0: Ball
1-0: Ball
2-0: Called Strike
2-1: Called Strike
2-2: Ball
3-2: Strikes out swinging
Batting: SHB Matt Moore 0-0: Fly out, F7 (Flyball, 78S, EV 83.8 MPH)
Batting: RHB Larry LeFever 0-0: Ball
1-0: Foul Ball, location: 2F
1-1: Foul Ball, location: 2F
1-2: Ball
2-2: Foul Ball, location: 2F
2-2: Ground out U3 (Groundball, 3, EV 80.6 MPH)
Bottom of the 2nd over - 0 runs, 0 hits, 0 errors, 0 left on base; Tulsa 0 - Jacksonville 0
TOP OF THE 3RD
Tulsa Drillers batting - Pitching for Jacksonville Suns : RHP Eric Stevenson
Batting: RHB Nick Getz 0-0: Ball
1-0: Fly out, F4 (Popup, 34, EV 63.1 MPH)
Batting: RHB Tony Rivera 0-0: Ball
1-0: SINGLE (Groundball, 56, EV 103.8 MPH)
Batting: RHB Kyle Garrett 0-0: Called Strike
0-1: Ball
Tony Rivera steals 2nd base
1-1: Called Strike
1-2: Strikes out looking
Batting: RHB Marcos Villalobos 0-0: Fly out, F9 (Line Drive, 9S, EV 91.2 MPH)
Top of the 3rd over - 0 runs, 1 hit, 0 errors, 1 left on base; Tulsa 0 - Jacksonville 0
BOTTOM OF THE 3RD
Jacksonville Suns batting - Pitching for Tulsa Drillers : RHP Eddie Usrey
Batting: RHB Len Graham 0-0: Called Strike
0-1: Foul Ball, location: 2F
0-2: Foul Ball, location: 2F
0-2: Foul Ball, location: 2F
0-2: Ball
1-2: Strikes out swinging
Batting: RHB Tom Thompson 0-0: Called Strike
0-1: Ball
1-1: Foul Ball, location: 2F
1-2: Strikes out swinging
Batting: RHB Alberto Bravo 0-0: Swinging Strike
0-1: Foul Ball, location: 2F
0-2: Strikes out swinging
Bottom of the 3rd over - 0 runs, 0 hits, 0 errors, 0 left on base; Tulsa 0 - Jacksonville 0
TOP OF THE 4TH
Tulsa Drillers batting - Pitching for Jacksonville Suns : RHP Eric Stevenson
Batting: SHB Nate Kopchak 0-0: Foul Ball, location: 2F
0-1: Foul Ball, location: 2F
0-2: Foul Ball, location: 2F
0-2: Ground out U3 (Groundball, 3, EV 86.2 MPH)
Batting: LHB Kevin Wiebe 0-0: Ball
1-0: Swinging Strike
1-1: Fly out, F8 (Line Drive, 8RD, EV 86.9 MPH)
Batting: LHB Chris Buchan 0-0: Ball
1-0: Ground out 4-3 (Groundball, 34, EV 88.1 MPH)
Top of the 4th over - 0 runs, 0 hits, 0 errors, 0 left on base; Tulsa 0 - Jacksonville 0
BOTTOM OF THE 4TH
Jacksonville Suns batting - Pitching for Tulsa Drillers : RHP Eddie Usrey
Batting: LHB Orlando Rivera 0-0: Foul Ball, location: 2F
0-1: Swinging Strike
0-2: Strikes out swinging
Batting: RHB Miguel Velasco 0-0: Ball
1-0: Ball
2-0: Foul Ball, location: 2F
2-1: SOLO HOME RUN (Flyball, 9D, EV 96.2 MPH), Distance : 367 ft
Batting: RHB Akira Suzuki 0-0: Ball
1-0: Called Strike
1-1: Foul Ball, location: 2F
1-2: Ground out 5-3 (Groundball, 56, EV 98.1 MPH)
Batting: LHB Dong-u Chang 0-0: SINGLE (Line Drive, 56, EV 94.4 MPH)
Batting: SHB Matt Moore 0-0: 2-RUN HOME RUN (Flyball, 9D, EV 99.4 MPH), Distance : 389 ft
Batting: RHB Larry LeFever 0-0: Ball
1-0: Ball
2-0: Called Strike
2-1: Swinging Strike
2-2: Ball
3-2: Strikes out swinging
Bottom of the 4th over - 3 runs, 3 hits, 0 errors, 0 left on base; Tulsa 0 - Jacksonville 3
TOP OF THE 5TH
Tulsa Drillers batting - Pitching for Jacksonville Suns : RHP Eric Stevenson
Batting: RHB Daniel Samano 0-0: Ball
1-0: Fly out, F8 (Flyball, 78M, EV 79.4 MPH)
Batting: SHB Justin Toth 0-0: Ball
1-0: Foul Ball, location: 2F
1-1: Swinging Strike
1-2: Ground out 4-3 (Groundball, 4, EV 88.8 MPH)
Batting: RHB Nick Getz 0-0: Ball
1-0: Ball
2-0: Swinging Strike
2-1: Ball
3-1: Called Strike
3-2: Base on Balls
Batting: RHB Tony Rivera 0-0: Ball
1-0: Ball
2-0: Ball
3-0: Called Strike
3-1: Called Strike
3-2: Base on Balls
Nick Getz to second
Batting: RHB Kyle Garrett 0-0: Ball
1-0: Called Strike
1-1: Foul Ball, location: 2F
1-2: Strikes out swinging
Top of the 5th over - 0 runs, 0 hits, 0 errors, 2 left on base; Tulsa 0 - Jacksonville 3
BOTTOM OF THE 5TH
Jacksonville Suns batting - Pitching for Tulsa Drillers : RHP Eddie Usrey
Batting: RHB Len Graham 0-0: Called Strike
0-1: Called Strike
0-2: Foul Ball, location: 2F
0-2: Ground out U3 (Groundball, 3, EV 82.5 MPH)
Batting: RHB Tom Thompson 0-0: Foul Ball, location: 2F
0-1: Foul Ball, location: 2F
0-2: Fly out, F8 (Line Drive, 8RM, EV 100.0 MPH)
Batting: RHB Alberto Bravo 0-0: Ball
1-0: Called Strike
1-1: Foul Ball, location: 2F
1-2: Fly out, F8 (Flyball, 8RD, EV 99.4 MPH)
Bottom of the 5th over - 0 runs, 0 hits, 0 errors, 0 left on base; Tulsa 0 - Jacksonville 3
TOP OF THE 6TH
Tulsa Drillers batting - Pitching for Jacksonville Suns : RHP Eric Stevenson
Batting: RHB Marcos Villalobos 0-0: Called Strike
0-1: Foul Ball, location: 2F
0-2: Fly out, F9 (Line Drive, 89M, EV 92.5 MPH)
Batting: SHB Nate Kopchak 0-0: Called Strike
0-1: Ball
1-1: Called Strike
1-2: Ground out 4-3 (Groundball, 4, EV 84.4 MPH)
Batting: LHB Kevin Wiebe 0-0: Called Strike
0-1: Foul Ball, location: 2F
0-2: Foul Ball, location: 2F
0-2: Ball
1-2: Foul Ball, location: 2F
1-2: Hit by Pitch
Batting: LHB Chris Buchan 0-0: Called Strike
0-1: Called Strike
0-2: Ball
1-2: Ball
2-2: Ball
3-2: Foul Ball, location: 2F
3-2: Strikes out swinging
Top of the 6th over - 0 runs, 0 hits, 0 errors, 1 left on base; Tulsa 0 - Jacksonville 3
BOTTOM OF THE 6TH
Jacksonville Suns batting - Pitching for Tulsa Drillers : RHP Eddie Usrey
Batting: LHB Orlando Rivera 0-0: Ground out 6-3 (Groundball, 6, EV 85.0 MPH)
Batting: RHB Miguel Velasco 0-0: Called Strike
0-1: DOUBLE (Line Drive, 5D, EV 95.6 MPH)
Batting: RHB Akira Suzuki 0-0: Swinging Strike
0-1: Foul Ball, location: 2F
0-2: Foul Ball, location: 2F
0-2: Strikes out swinging
Batting: LHB Dong-u Chang 0-0: Called Strike
0-1: Ball
1-1: Ball
2-1: Foul Ball, location: 2F
2-2: Strikes out swinging
Bottom of the 6th over - 0 runs, 1 hit, 0 errors, 1 left on base; Tulsa 0 - Jacksonville 3
TOP OF THE 7TH
Tulsa Drillers batting - Pitching for Jacksonville Suns : RHP Eric Stevenson
Batting: RHB Daniel Samano 0-0: Ball
1-0: Swinging Strike
1-1: Ball
2-1: Ground out 6-3 (Groundball, 6, EV 100.6 MPH)
Batting: SHB Justin Toth 0-0: Foul Ball, location: 2F
0-1: Ground out U3 (Groundball, 3, EV 84.4 MPH)
Batting: RHB Nick Getz 0-0: Ball
1-0: Foul Ball, location: 2F
1-1: Fly out, F8 (Flyball, 8LS, EV 95.0 MPH)
Top of the 7th over - 0 runs, 0 hits, 0 errors, 0 left on base; Tulsa 0 - Jacksonville 3
BOTTOM OF THE 7TH
Jacksonville Suns batting - Pitching for Tulsa Drillers : RHP Eddie Usrey
Batting: SHB Matt Moore 0-0: Called Strike
0-1: Foul Ball, location: 2F
0-2: Foul Ball, location: 2F
0-2: Strikes out looking
Batting: RHB Larry LeFever 0-0: Ball
1-0: Ball
2-0: Ball
3-0: Called Strike
3-1: Base on Balls
Batting: RHB Len Graham 0-0: Called Strike
0-1: Ball
1-1: Foul Ball, location: 2F
1-2: Ball
2-2: Strikes out swinging
Batting: RHB Tom Thompson 0-0: Called Strike
0-1: Ball
Larry LeFever is caught stealing 2nd base 2-4
Bottom of the 7th over - 0 runs, 0 hits, 0 errors, 0 left on base; Tulsa 0 - Jacksonville 3
TOP OF THE 8TH
Tulsa Drillers batting - Pitching for Jacksonville Suns : RHP Eric Stevenson
Pitching: LHP Tyler Murders
Batting: RHB Tony Rivera 0-0: Fly out, F8 (Flyball, 8LM, EV 86.9 MPH)
Batting: RHB Kyle Garrett 0-0: Ball
1-0: Ball
2-0: SINGLE (Groundball, 6S, EV 63.1 MPH) (infield hit)
Batting: RHB Marcos Villalobos 0-0: Foul Ball, location: 2F
0-1: Ball
1-1: Foul Ball, location: 2F
1-2: Ball
2-2: Ball
3-2: Base on Balls
Kyle Garrett to second
Batting: SHB Nate Kopchak 0-0: Called Strike
0-1: Foul Ball, location: 2F
0-2: Strikes out swinging
Batting: RHB Robby Cuellar 0-0: Ball
1-0: Foul Ball, location: 2F
1-1: Ball
2-1: Ball
3-1: Foul Ball, location: 2F
3-2: Base on Balls
Kyle Garrett to third
Marcos Villalobos to second
Pinch Hitting: RHB Jonathan Kirsch 0-0: Ball
1-0: Ball
2-0: Foul Ball, location: 2F
2-1: Called Strike
2-2: SINGLE (Groundball, 34D, EV 102.5 MPH)
Kyle Garrett scores
Marcos Villalobos to third
Robby Cuellar to second
Runner from 3rd tries for Home, SAFE, throw by RF to home
Batting: RHB Daniel Samano 0-0: Ball
1-0: Ball
2-0: Ball
3-0: Called Strike
3-1: Called Strike
3-2: Base on Balls
Robby Cuellar to third
Jonathan Kirsch to second
Batting: SHB Justin Toth 0-0: Foul Ball, location: 2F
0-1: Ball
1-1: Ball
2-1: Foul Ball, location: 2F
2-2: Strikes out swinging
Top of the 8th over - 2 runs, 2 hits, 0 errors, 3 left on base; Tulsa 2 - Jacksonville 3
BOTTOM OF THE 8TH
Jacksonville Suns batting - Pitching for Tulsa Drillers : RHP Eddie Usrey
Now at 1B: Jonathan Kirsch
Batting: RHB Tom Thompson 0-0: Ball
1-0: Foul Ball, location: 2F
1-1: Ball
2-1: Ground out 5-3 (Groundball, 5L, EV 88.8 MPH)
Batting: RHB Alberto Bravo 0-0: Ball
1-0: SINGLE (Groundball, 6MD, EV 76.9 MPH) (infield hit)
Batting: LHB Orlando Rivera 0-0: Called Strike
0-1: Ball
1-1: Ball
2-1: Foul Ball, location: 2F
2-2: Foul Ball, location: 2F
2-2: Foul Ball, location: 2F
2-2: SINGLE (Groundball, 4S, EV 61.2 MPH) (infield hit)
Alberto Bravo to second
Pitching: RHP Jordan Arredondo
Batting: RHB Miguel Velasco 0-0: Ball
1-0: Ball
2-0: Swinging Strike
2-1: Ball
3-1: Foul Ball, location: 2F
3-2: Foul Ball, location: 2F
3-2: Strikes out swinging
Batting: RHB Akira Suzuki 0-0: Ball
1-0: Ball
2-0: Ball
3-0: Base on Balls
Alberto Bravo to third
Orlando Rivera to second
Batting: LHB Dong-u Chang 0-0: Ball
1-0: Ball
2-0: Swinging Strike
2-1: Called Strike
2-2: Foul Ball, location: 2F
2-2: Foul Ball, location: 2F
2-2: Ball
3-2: Strikes out swinging
Bottom of the 8th over - 0 runs, 2 hits, 0 errors, 3 left on base; Tulsa 2 - Jacksonville 3
TOP OF THE 9TH
Tulsa Drillers batting - Pitching for Jacksonville Suns : LHP Tyler Murders
Pitching: RHP Matt Alexander
Batting: RHB Nick Getz 0-0: Called Strike
0-1: Called Strike
0-2: Ball
1-2: Ball
2-2: Ground out 6-3 (Groundball, 6, EV 81.2 MPH)
Batting: RHB Tony Rivera 0-0: Ball
1-0: Called Strike
1-1: Swinging Strike
1-2: Ball
2-2: Strikes out looking
Batting: RHB Kyle Garrett 0-0: Foul Ball, location: 2F
0-1: Ball
1-1: Ball
2-1: Called Strike
2-2: Strikes out swinging
Top of the 9th over - 0 runs, 0 hits, 0 errors, 0 left on base; Tulsa 2 - Jacksonville 3
Tuesday, March 28th , 2023 - OOTP Baseball 23.10 Build 110